 Dungeon Crawl Stone Soup version 0.27.0-1-g7a089689b8 (webtiles) character file.

Game seed: 7233254519685051313

7 sanka the Sneak (level 2, 0/25 HPs)
             Began as a Naga Air Elementalist on Aug 6, 2021.
             Frozen to death by an endoplasm (1 damage)
             ... on level 1 of the Dungeon.
             The game lasted 00:01:09 (54 turns).

sanka the Sneak (Naga Air Elementalist)               Turns: 54, Time: 00:01:09

Health: 0/25       AC:  1    Str: 10    XL:     2   Next: 0%
Magic:  0/5        EV:  9    Int: 15    God:
Gold:   0          SH:  0    Dex: 11    Spells: 4/5 levels left

rFire    . . .     SeeInvis +   (no weapon)
rCold    . . .     Faith    .   (no shield)
rNeg     . . .     Spirit   .   a - +0 robe
rPois    +         Reflect  .   (no helmet)
rElec    .         Harm     .   (no cloak)
rCorr    .         Rampage  .   (no gloves)
Will     .....                  (no barding)
Stlth    ++........             (no amulet)
HPRegen  0.08/turn              (no ring)
MPRegen  0.09/turn              (no ring)

@: short of breath, very slow
A: AC +0, large, see invisible, deformed body, poison resistance, slowness 2,
spit poison 1, naga tail 1
a: Spit Poison


You were on level 1 of the Dungeon.
You visited 1 branch of the dungeon, and saw 1 of its levels.


Innate Abilities, Weirdness & Mutations

Your serpentine skin is tough. (AC +0)
You have supernaturally acute eyesight. (SInv)
Armour fits poorly on your strangely shaped body.
Your system is resistant to poisons. (rPois)
You cover ground very slowly.
You can spit poison.
You have a snake-like lower body.


   Skills:
 + Level 1.5 Fighting
 - Level 1.5 Dodging
 - Level 3.0 Stealth
 - Level 2.0 Spellcasting
 - Level 1.0 Conjurations
 - Level 3.0 Air Magic


You had 4 spell levels left.
You knew the following spells:

 Your Spells              Type           Power      Damage    Failure   Level
z - Shock                 Conj/Air       28%        1d4       10%         1

Your spell library contained the following spells:

 Spells                   Type           Power      Damage    Failure   Level
 Static Discharge         Conj/Air       7%         N/A       14%         2
 Swiftness                Air            10%        N/A       19%         3
 Airstrike                Air            5%         N/A       54%         4

Inventory:

Armour
 a - a +0 robe (worn)

Dungeon Overview and Level Annotations

Branches:
Dungeon (1/15)

Altars:

..... P.P.....
..........P▒≈▒P..▒
..........▒▒≈▒▒..▒
..........≈≈††≈..▒
.....>....▒▒≈▒▒..▒
..........P▒≈▒P..▒
...........P.P...▒
.................▒
......bNJ...<....▒
.................▒
.▒▒........P.P.(.▒
...▒▒..▒▒.P▒≈▒P.▒▒
▒▒ ▒.▒ ▒.▒▒≈▒▒.▒
... ▒.≈≈≈≈ .▒ ....
..▒▒≈▒▒.. ....
...P▒≈▒ .▒


You could see an endoplasm and a bat.


Message History

The endoplasm is heavily wounded.
The endoplasm misses you.
You barely miss the endoplasm.
The endoplasm is heavily wounded.
The endoplasm freezes you.
You are frozen.
* * * LOW HITPOINT WARNING * * *
A bat comes into view.
Use which ability? (? or * to list)
Aim: an endoplasm (heavily wounded)
The splash of poison hits the endoplasm.
The endoplasm is almost dead.
The endoplasm hits you.
* * * LOW HITPOINT WARNING * * *
That beam is likely to hit you.
Continue anyway?
Okay, then.
The zap hits the endoplasm.
The endoplasm is almost dead.
The endoplasm hits you but does no damage.
The endoplasm barely misses you.
You have got your breath back.
The bat closely misses you.
Use which ability? (? or * to list)
Aim: an endoplasm (almost dead)
The splash of poison hits the endoplasm but does no damage.
The endoplasm is almost dead.
The bat barely misses you. The endoplasm freezes you.
You are frozen.
You die...

Action                   || total
-------------------------++-------
Melee: Unarmed           ||    15
 Cast: Shock             ||     7
 Abil: Spit Poison       ||     7
Armor: Robe              ||     4
Dodge: Dodged            ||    15

Levels and vault maps discovered:
D:1:      eino_arrival_water_cross, layout_rooms, serial_shops,
          nicolae_square_shop, minmay_tall_x

Notes
Turn   | Place    | Note
-------+----------+-------------------------------------------
     0 | D:1      | sanka the Naga Air Elementalist began the quest for the
                  | Orb.
     0 | D:1      | Reached XP level 1. HP: 15/15 MP: 3/3
    19 | D:1      | Reached skill level 1 in Fighting
    42 | D:1      | Reached XP level 2. HP: 12/25 MP: 0/5
    49 | D:1      | HP: 1/25 [endoplasm (2)]
    54 | D:1      | Frozen to death by an endoplasm

Vanquished Creatures
  4 jackals (D:1)
  A quokka (D:1)
5 creatures vanquished.

Vanquished Creatures (others)
  A plant (D:1)
1 creature vanquished.

Grand Total: 6 creatures vanquished
